 Dungeon Crawl Stone Soup version 0.29.0-4-gdea44cf6ec (webtiles) character file.

Game seed: 1192313492298359063

151 qw the Chopper (level 5, 0/30 HPs)
             Began as a Tengu Warper on Aug 28, 2022.
             Splashed by a jelly's acid (3 damage)
             ... on level 4 of the Dungeon.
             The game lasted 00:00:19 (3594 turns).

qw the Chopper (Tengu Warper)                       Turns: 3594, Time: 00:00:20

Health: 0/30       AC:  2    Str: 13    XL:     5   Next: 33%
Magic:  9/9        EV:  7    Int: 13    God:
Gold:   230        SH:  0    Dex: 14    Spells: 8/8 levels left

rFire   . . .      SeeInvis .   Y - +0 hand axe
rCold   . . .      Faith    .   (no shield)
rNeg    . . .      Spirit   .   f - +0 chain mail
rPois   .          Reflect  .   (helmet restricted)
rElec   .          Harm     .   (no cloak)
rCorr   .          Rampage  .   j - +0 pair of gloves
Will    .....                   (boots unavailable)
Stlth   ..........              (no amulet)
HPRegen 0.10/turn               (no ring)
MPRegen 0.11/turn               (no ring)

@: about to teleport, corroded, flying quickly and evasively, quick
A: beak, talons 3, nimble flight
a: no special abilities


You were on level 4 of the Dungeon.
You visited 1 branch of the dungeon, and saw 4 of its levels.

You collected 230 gold pieces.


Innate Abilities, Weirdness & Mutations

You have a beak for a mouth.
You have claws for feet.
Your magical nature lets you fly swiftly and evasively.


   Skills:
 - Level 2.0 Fighting
 + Level 5.0 Axes
 - Level 1.0 Throwing
 - Level 3.1 Armour
 - Level 2.1 Dodging
 - Level 2.0 Spellcasting
 - Level 2.4 Translocations


You had 8 spell levels left.
You didn't know any spells.
Your spell library contained the following spells:

 Spells                   Type           Power      Damage    Failure   Level
 Blink                    Tloc           14%        N/A       99%         2
 Gell's Gravitas          Tloc           7%         N/A       100%        3
 Lesser Beckoning         Tloc           7%         N/A       100%        3
 Teleport Other           Tloc           7%         N/A       100%        3
 Manifold Assault         Tloc           7%         N/A       100%        5

Inventory:

Hand Weapons
 d - a +1 whip of freezing
 Y - a +0 hand axe (weapon)
Armour
 f - a +0 chain mail (worn)
 j - a +0 pair of gloves (worn)
Scrolls
 b - a scroll of identify
 g - 3 scrolls of teleportation
Potions
 i - 2 potions of curing
 k - a potion of resistance
 l - a potion of haste
 m - a potion of attraction {unknown}
 n - a potion of berserk rage {unknown}

Dungeon Overview and Level Annotations

Branches:
Dungeon (4/15)
 Temple: D:4-7

Altars:

Annotations:
D:2 1 runed translucent door, Crazy Yiuf


Message History

The giant cockroach bites you but does no damage.
You hit the giant cockroach.
You kill the giant cockroach!
A hobgoblin is nearby!
3533 ||| Stepping ~*~*~tactically~*~*~ (stealth).
You hit the hobgoblin. You claw the hobgoblin.
You kill the hobgoblin!
You see here a quokka skeleton.
You now have 204 gold pieces (gained 6).
You now have 222 gold pieces (gained 18).
You now have 230 gold pieces (gained 8).
A jelly comes into view.
Enter note:
Enter note:
Enter note:
Enter note:
Enter note: You hit the jelly.
The acid corrodes you!
Your hands burn!
You claw the jelly.
The jelly is moderately wounded.
The jelly hits you but does no damage.
You hit the jelly.
Your hands burn!
You claw the jelly.
The jelly is severely wounded.
The jelly hits you but does no damage.
You hit the jelly.
Your hands burn!
The jelly is almost dead.
The jelly hits you but does no damage.
You hit the jelly. The acid corrodes you!
Your hands burn!
You claw the jelly, but do no damage.
The jelly is almost dead.
The jelly hits you.
You are splashed with acid!
3592 ||| READING 4 scrolls of teleportation.
As you read the scroll of teleportation, it crumbles to dust.
You feel strangely unstable. The jelly barely misses you.
You hit the jelly but do no damage.
Your hands burn!
You peck the jelly, but do no damage.
The jelly is almost dead.
The jelly barely misses you.
You hit the jelly but do no damage.
Your hands burn!
You die...

.. ... #.......## ...
#.. . #........#
#...###.. .#.........
....#...# ..........
#.......# ##........
#.......# ####.........
........####.#..........
.......@................
......J......#.....####.
..##...##.#.###....#.#..
.........#.##..........
............#........#..
.....................##.
.....................###
............#.........##
.........##........##


You could see a jelly.

Vanquished Creatures
  A scorpion (D:4)
  2 adders
  A worm (D:3)
  5 bats
  7 endoplasms
  6 giant cockroaches
  4 goblins
  5 hobgoblins
  8 jackals
  4 quokkas
  4 ball pythons
  6 frilled lizards
  3 kobolds
  6 rats
62 creatures vanquished.

Notes
Turn   | Place    | Note
-------+----------+-------------------------------------------
     0 | D:1      | qw the Tengu Warper began the quest for the Orb.
     0 | D:1      | Reached XP level 1. HP: 12/12 MP: 4/4
     0 | D:1      | 0 ||| qw: Version: 0.1-a-89-g26bdef1
     0 | D:1      | 0 ||| qw: Game counter: 3252
     0 | D:1      | 0 ||| qw: Always use a shield: true
     0 | D:1      | 0 ||| qw: God list: Okawaru
     0 | D:1      | 0 ||| qw: Allow faded altars: false
     0 | D:1      | 0 ||| qw: Do Orc after D:15 true
     0 | D:1      | 0 ||| qw: Do second Lair branch before Depths: true
     0 | D:1      | 0 ||| qw: Lair rune preference: random
     0 | D:1      | 0 ||| qw: Plans: Normal
     0 | D:1      | 0 ||| PLANNING D:1-11
    16 | D:1      | HP: 3/12 [frozen (5)]
   377 | D:1      | Reached skill level 3 in Axes
   377 | D:1      | Reached XP level 2. HP: 17/17 MP: 6/6
   387 | D:1      | 387 ||| Stepping ~*~*~tactically~*~*~ (stealth).
   388 | D:1      | 388 ||| Stepping ~*~*~tactically~*~*~ (stealth).
   389 | D:1      | 389 ||| Stepping ~*~*~tactically~*~*~ (stealth).
   390 | D:1      | 390 ||| Stepping ~*~*~tactically~*~*~ (stealth).
   396 | D:1      | 396 ||| DROPPING +0 club.
   700 | D:1      | Reached XP level 3. HP: 21/21 MP: 7/7
   866 | D:1      | Reached skill level 4 in Axes
  1216 | D:1      | 1216 ||| UPGRADING to +0 chain mail.
  1226 | D:1      | 1226 ||| DROPPING +0 leather armour.
  1227 | D:1      | 1227 ||| READING scroll labelled EDUOSA ISEKOTZ.
  1232 | D:1      | 1232 ||| DROPPING scroll of blinking.
  1883 | D:2      | Found a faded altar of an unknown god.
  1919 | D:2      | Found a runed translucent door.
  1920 | D:2      | Noticed Crazy Yiuf
  2282 | D:2      | 2282 ||| UPGRADING to +0 pair of gloves.
  2287 | D:2      | 2287 ||| READING scroll labelled ZADAASCH TEMYWU.
  2288 | D:2      | 2288 ||| READING 2 scrolls labelled QAUSMU NESAGE.
  2289 | D:2      | 2289 ||| READING scroll labelled BESAEQO XUCHIA.
  2290 | D:2      | 2290 ||| READING scroll labelled KELIPU HAUNO.
  2291 | D:2      | 2291 ||| READING scroll labelled GIVVEKKEKLI.
  2411 | D:2      | 2411 ||| DRINKING 2 metallic white potions.
  2412 | D:2      | 2412 ||| DRINKING 2 viscous cyan potions.
  2458 | D:3      | Reached XP level 4. HP: 23/26 MP: 8/8
  2458 | D:3      | 2458 ||| STAIRDANCE
  2795 | D:3      | 2795 ||| Stepping ~*~*~tactically~*~*~ (stealth).
  2796 | D:3      | 2796 ||| Stepping ~*~*~tactically~*~*~ (stealth).
  2848 | D:3      | Reached skill level 5 in Axes
  3230 | D:3      | 3230 ||| READING scroll labelled NOSIYWKYPHI.
  3231 | D:3      | 3231 ||| READING scroll labelled RAAJ FEIJOI.
  3232 | D:3      | 3232 ||| READING 3 scrolls of identify.
  3232 | D:3      | 3232 ||| IDENTIFYING fuming brown potion
  3233 | D:3      | 3233 ||| READING 2 scrolls of identify.
  3233 | D:3      | 3233 ||| IDENTIFYING golden potion
  3234 | D:3      | 3234 ||| DROPPING potion of brilliance.
  3302 | D:4      | Noticed a scorpion
  3320 | D:4      | Killed a scorpion
  3321 | D:4      | Reached skill level 3 in Armour
  3321 | D:4      | Gained mutation: Your magical nature lets you fly swiftly
                  | and evasively. [Tengu growth]
  3321 | D:4      | Reached XP level 5. HP: 10/30 MP: 9/9
  3328 | D:4      | 3328 ||| FLEEEEING.
  3354 | D:4      | 3354 ||| FLEEEEING.
  3355 | D:4      | 3355 ||| STAIRDANCE
  3533 | D:4      | 3533 ||| Stepping ~*~*~tactically~*~*~ (stealth).
  3591 | D:4      | HP: 7/30 [acid (7)]
  3592 | D:4      | 3592 ||| READING 4 scrolls of teleportation.
  3593 | D:4      | HP: 3/30 [acid (4)]
  3594 | D:4      | Splashed by a jelly's acid

Levels and vault maps discovered:
D:1:      elethiomel_arrival_infinity_welcomes_careful_drivers, layout_basic
D:2:      kennysheep_six_static_rooms, layout_basic,
          dilly_ecumenical_altar_fadedgnrine, kennysheep_generic_room_8,
          uniq_crazy_yiuf_cottage
D:3:      kennysheep_big_flooded_room, layout_loops_ring, hex_tiny
D:4:      cheibrodos_quashed, layout_cave_pools

Skill      XL: |  1  2  3  4 |
---------------+-------------+-----
Axes           | 3 4 5 |  5.0
Armour         | 3 |  3.1
Fighting       | |  2.0
Throwing       | |  1.0
Dodging        | |  2.1
Spellcasting   | |  2.0
Translocations | |  2.4

Action                   |  1- 3 |  4- 6 || total
-------------------------+-------+-------++-------
Melee: Hand axe          |   106 |    60 ||   166
       Peck              |    15 |    10 ||    25
       Kick              |    12 |    18 ||    30
Throw: Boomerang         |     7 |       ||     7
  Use: Scroll            |     6 |     5 ||    11
       Potion            |     2 |       ||     2
Armor: Leather armour    |    14 |       ||    14
       Chain mail        |    27 |    33 ||    60
Dodge: Dodged            |    49 |    18 ||    67

Table legend:
 A = Non-vault XP
 B = Vault XP
 C = Vault XP percentage of total XP
 D = Non-vault monster count
 E = Vault monster count
 F = Vault count percentage of total count
                 A         B        C        D         E       F
            +---------+---------+-------+---------+---------+-------
      Total |     191 |      25 |  11.6 |      53 |       9 |  14.5
            +---------+---------+-------+---------+---------+-------
        D:1 |      47 |       0 |   0.0 |      28 |       0 |   0.0
        D:2 |      12 |      22 |  64.7 |       8 |       7 |  46.7
        D:3 |      36 |       3 |   7.7 |      12 |       2 |  14.3
        D:4 |      96 |       0 |   0.0 |       5 |       0 |   0.0
            +---------+---------+-------+---------+---------+-------
